 Dungeon Crawl Stone Soup version 0.27-a0-531-gb72ec1a1b6 (webtiles) character file.

Game seed: 6413038444737812361

42 karrick the Skirmisher (level 3, -2/30 HPs)
             Began as a Demonspawn Abyssal Knight on Mar 6, 2021.
             Was a Believer of Lugonu.
             Killed from afar by Sigmund (9 damage)
             ... with a puff of flame
             ... on level 2 of the Dungeon.
             The game lasted 00:04:11 (1514 turns).

karrick the Skirmisher (Demonspawn Abyssal Knight)  Turns: 1514, Time: 00:04:11

Health: -2/30      AC:  3    Str: 13    XL:     3   Next: 35%
Magic:  4/5        EV: 11    Int: 13    God:    Lugonu [**....]
Gold:   56         SH:  0    Dex: 12    Spells: 2/2 levels left

rFire    . . .     SeeInvis .   a - +1 hand axe
rCold    . . .     Faith    .   (no shield)
rNeg     . . .     Spirit   .   b - +0 leather armour
rPois    .         Reflect  .   (no helmet)
rElec    .         Harm     .   (no cloak)
rCorr    .         Rampage  .   (no gloves)
Will     .....                  (no boots)
Stlth    +.........             (no amulet)
HPRegen  0.10/turn              (no ring)
MPRegen  0.09/turn              (no ring)

@: no status effects
A: powered by pain 1
a: Renounce Religion, Depart the Abyss, Bend Space


You were on level 2 of the Dungeon.
You worshipped Lugonu.
Lugonu was pleased with you.
You visited 1 branch of the dungeon, and saw 2 of its levels.
You visited the Abyss 1 time.

You collected 56 gold pieces.

Inventory:

Hand Weapons
 a - a +1 hand axe (weapon)
Armour
 b - a +0 leather armour (worn)
Scrolls
 d - 2 scrolls of magic mapping


   Skills:
 + Level 3.8 Fighting
 + Level 2.3 Axes
 + Level 2.0 Armour
 + Level 1.0 Dodging
 * Level 2.8 Invocations


You had 2 spell levels left.
You didn't know any spells.
Your spell library was empty.

Dungeon Overview and Level Annotations

Branches:
Dungeon (2/15)

Altars:
The Shining One

Annotations:
D:2 Sigmund


Innate Abilities, Weirdness & Mutations

You sometimes gain a little power by taking damage.


Message History

Sigmund completely misses you.
Sigmund hits you with a +1 vorpal scythe!
You feel better.
You hit Sigmund.
Sigmund is lightly wounded.
Sigmund closely misses you.
Unknown command.
You barely miss Sigmund.
Sigmund is lightly wounded.
Sigmund barely misses you. Sigmund completely misses you.
Unknown command.
Unknown command.
Unknown command.
Sigmund points at you and mumbles some strange words.
The magic dart hits you.
There is an open door here.
Unknown command.
Unknown command.
As you close the door, it creaks loudly!
Something unseen opens the door.
Space bends around you!
You blink.
Sigmund laughs darkly.
You see here a quokka corpse.
Sigmund points at you and mumbles some strange words.
The magic dart hits you. Sigmund barely misses you.
You don't know any spells.
Unknown command.
Okay, then.
Unknown command.
Space bends around you!
You blink.
Sigmund hits you from afar with a +1 vorpal scythe.
* * * LOW HITPOINT WARNING * * *
x2 Sigmund gestures at himself while chanting.
Sigmund flickers and vanishes!
Deactivating autopickup; reactivate with Ctrl-A.
A puff of flame appears from out of thin air!
The puff of flame hits you!
You die...

,..# *#.# #.# ##.#####
.......# ### ##.###.####.##
##.#.....†...## #########
...#.#.##.....####.......#
####.#.....{....@..#.###.#*
..##.#####..#######.##
**,** #.##.#***#...# #.##
**,* #.##..,,*###'## #.#
*,* #.####***#♣...♣# #.#*
**,* #.### #.....# ##.**
**,** ....# #♣...♣#
*#.***,** #.#.# ***#§....#
*#.,,**
....###,*###_###****,.@**


There were no monsters in sight!

Vanquished Creatures
  An adder (D:2)
  2 dart slugs (D:1)
  3 giant cockroaches (D:1)
  3 hobgoblins
  3 kobolds
  A quokka (D:2)
  7 bats (D:1)
  2 frilled lizards (D:1)
  4 goblins (D:1)
26 creatures vanquished.

Notes
Turn   | Place    | Note
-------+----------+-------------------------------------------
     0 | Abyss:1  | karrick the Demonspawn Abyssal Knight began the quest for
                  | the Orb.
     0 | Abyss:1  | Reached XP level 1. HP: 18/18 MP: 2/2
     9 | D:1      | Escaped the Abyss
   541 | D:1      | Gained mutation: You sometimes gain a little power by
                  | taking damage. [demonic ancestry]
   541 | D:1      | Reached XP level 2. HP: 24/24 MP: 3/3
  1056 | D:2      | Reached XP level 3. HP: 30/30 MP: 5/5
  1064 | D:2      | Reached ** piety under Lugonu
  1190 | D:2      | Reached skill level 1 in Dodging
  1456 | D:2      | Noticed Sigmund
  1514 | D:2      | Killed from afar by Sigmund

Illustrated notes

Levels and vault maps discovered:
D:1:      lightli_iron_boxes, layout_basic
D:2:      minmay_spotlight, layout_loops_corners,
          grunt_temple_overflow_order_and_chaos_2, tgw_trog,
          lemuel_doored_altar, nemelex_xobeh_ov_fountains_minmay, tso_altar,
          chequers_ecumenical_altar_simple_redux, grunt_ministairs_9,
          uniq_sigmund

Skill      XL: |  1  2  3 |
---------------+----------+-----
Axes           | 2 |  2.3
Armour         | 2 |  2.0
Dodging        | 1 |  1.0
Fighting       | |  3.8
Invocations    | |  2.8

Action                   || total
-------------------------++-------
Melee: Hand axe          ||    96
Invok: Bend Space        ||     2
  Use: Scroll            ||     5
       Potion            ||     2
Armor: Leather armour    ||    42
Dodge: Dodged            ||    82

Table legend: (Time is in decaauts)
 A = Elapsed time spent in this place.
 B = Non-inter-level travel time spent in this place.
 C = Inter-level travel time spent in this place.
 D = Time resting spent in this place.
 E = Time spent auto-exploring this place.
 F = Levels seen in this place.
 G = Mean time per level.
                   A        B        C        D        E       F      G
               +--------+--------+--------+--------+--------+-----+--------+
         Total |   1532 |   1523 |      9 |      0 |   1259 |   3 |  510.7 |
       Dungeon |   1523 |   1514 |      9 |      0 |   1255 |   2 |  761.5 |
         Abyss |      9 |      9 |      0 |      0 |      4 |   1 |    9.0 |
               +--------+--------+--------+--------+--------+-----+--------+

Top non-repeatable levels by time:
     D:1: 1057 daAuts
     D:2: 466 daAuts
 Abyss:1: 9 daAuts
